 Dungeon Crawl Stone Soup version 0.25.1-2-g60ff931df9 (webtiles) character file.

Game seed: 18018013090643188151

2538 pokeman the Thaumaturge (level 9, -1/48 HPs)
             Began as a Deep Elf Wizard on Nov 7, 2020.
             Was a Follower of Vehumet.
             Slain by a bullfrog (4 damage)
             ... on level 8 of the Dungeon.
             The game lasted 00:16:43 (9216 turns).

pokeman the Thaumaturge (Deep Elf Wizard)           Turns: 9216, Time: 00:16:44

Health: -1/48      AC: 12    Str:  4    XL:     9   Next: 30%
Magic:  12/25      EV: 12    Int: 27    God:    Vehumet [*.....]
Gold:   79         SH:  0    Dex: 13    Spells: 13/28 levels left

rFire    . . .     SeeInvis .   E - +1 dagger (venom)
rCold    . . .     Gourm    .   (no shield)
rNeg     . . .     Faith    .   D - +1 leather armour {rPois}
rPois    +         Spirit   .   M - +1 helmet
rElec    .         Reflect  .   x - +0 cloak
rCorr    .         Harm     .   a - +0 pair of gloves
MR       .....                  (no boots)
Stlth    ++........             J - amulet of inaccuracy (curse)
HPRegen  0.16/turn              w - ring of poison resistance
MPRegen  0.19/turn              u - +4 ring of protection

@: no status effects
A: no striking features
a: Renounce Religion


You were on level 8 of the Dungeon.
You worshipped Vehumet.
Vehumet was aware of your devotion.
You were hungry.

You visited 2 branches of the dungeon, and saw 9 of its levels.

You collected 274 gold pieces.
You spent 195 gold pieces at shops.

Inventory:

Hand Weapons
 E - a +1 dagger of venom (weapon)
Missiles
 p - 77 bolts
Armour
 a - a +0 pair of gloves (worn)
 x - a +0 cloak (worn)
 D - a +1 leather armour of poison resistance (worn)
 G - a +3 leather armour of cold resistance
 M - a +1 helmet (worn)
Magical Staves
 K - an uncursed staff of cold
Jewellery
 u - a +4 ring of protection (right hand)
 w - a ring of poison resistance (left hand)
 J - a cursed amulet of inaccuracy (around neck)
 N - an uncursed ring of flight
 P - an uncursed amulet of the acrobat {unknown}
Wands
 y - a wand of enslavement (7)
 C - a wand of digging (9)
 H - a wand of random effects (14)
 I - a wand of acid (11)
Scrolls
 b - a scroll of enchant armour {unknown}
 f - a scroll of enchant weapon {unknown}
 h - a scroll of amnesia {unknown}
 k - 2 scrolls of blinking {unknown}
 l - 10 scrolls of identify {unknown}
 m - 2 scrolls of random uselessness {unknown}
 o - 6 scrolls of teleportation {unknown}
 r - a scroll of fog {unknown}
 s - 4 scrolls of magic mapping {unknown}
 t - 2 scrolls of fear {unknown}
 A - a scroll of remove curse {unknown}
 B - 2 scrolls of immolation {unknown}
 F - a scroll of noise {unknown}
Potions
 c - 2 potions of cancellation {unknown}
 e - a potion of berserk rage {unknown}
 g - 3 potions of degeneration {unknown}
 i - a potion of haste {unknown}
 j - 3 potions of flight {unknown}
 n - 2 potions of ambrosia {unknown}
 q - 2 potions of curing {unknown}
 v - a potion of resistance {unknown}
 z - a potion of magic {unknown}
 L - a potion of invisibility {unknown}
 O - a potion of heal wounds {unknown}
Comestibles
 d - 13 rations


   Skills:
 - Level 2.1 Fighting
 + Level 2.9 Armour
 - Level 3.1 Dodging
 - Level 3.0 Stealth
 * Level 10.4 Spellcasting
 * Level 7.8 Conjurations
 - Level 1.1 Summonings
 - Level 1.1 Translocations
 + Level 4.1 Fire Magic
 - Level 1.0 Air Magic
 + Level 1.7 Earth Magic
 - Level 1.2 Poison Magic
 - Level 2.0 Evocations


You had 13 spell levels left.
You knew the following spells:

 Your Spells              Type           Power        Failure   Level  Hunger
a - Magic Dart            Conj           ####         1%          1    None
b - Mephitic Cloud        Conj/Pois/Air  ####....     5%          3    None
c - Call Imp              Summ           ###.....     7%          2    None
d - Blink                 Tloc           N/A          7%          2    None
e - Conjure Flame         Conj/Fire      #####...     1%          3    None
f - Stone Arrow           Conj/Erth      #####.       3%          3    None
g - Foxfire               Conj/Fire      ####         1%          1    None

Your spell library contained the following spells:

 Spells                   Type           Power        Failure   Level  Hunger
 Sandblast                Erth           ###...       3%          1    None
 Passwall                 Tmut/Erth      ###.....     8%          2    None
 Slow                     Hex            ##......     11%         2    None
 Petrify                  Tmut/Erth      ###.....     45%         4    None
 Lee's Rapid Deconstruct  Erth           ###.......   67%         5    ###....


Dungeon Overview and Level Annotations

Branches:
Dungeon (8/15)             Temple (1/1) D:6
   Lair: D:8-11

Altars:
Cheibriados
Gozag
Hepliaklqana
Kikubaaqudgha
Makhleb
Nemelex Xobeh
Okawaru
Qazlal
Vehumet
Yredelemnul
Zin

Shops:
D:7 [


Message History

Pain shoots through your body!
* * * LOW HITPOINT WARNING * * *
Casting: Mephitic Cloud (dangerous; 5% risk of failure)
Confirm with . or Enter, or press ? or * to list all spells.
Aiming: Stone Arrow (dangerous; 3% risk of failure)
Press: ? - help, Shift-Dir - straight line, f - shadow imp, p - bullfrog
Aim: a shadow imp (noxious fumes)
The stone arrow hits the shadow imp!
You kill the shadow imp!
Vehumet accepts your kill.
You feel your power returning.
The bullfrog is engulfed in noxious fumes.
The bullfrog appears confused.
You closely miss the bullfrog.
The bullfrog is almost dead.
The bullfrog barely misses you.
You closely miss the bullfrog.
The bullfrog is almost dead.
The bullfrog hits you.
You die...

#...###.. #####.......
#........... #.......#
###.......# ##....##...#
#########..#.###>..##
.......F..##.# #....#
.....○..@.##.# ####.##
......†).....## #..#
......))..####...###.####
..........# ............
...)........ ....###.####
.........................
......_...##########.####
..........# #.###
##......... #...#


You could see a bullfrog (confused, poisoned).

Vanquished Creatures
  Edmund (D:6)
  An orc warrior (D:7)
  4 black bears
  4 ogres
  A centaur (D:4)
  2 phantoms
  A wolf (D:8)
  A big kobold (D:7)
  Blork the orc (D:6)
  3 bullfrogs
  A scorpion (D:5)
  An electric eel (D:8)
  3 crimson imps
  A bullfrog zombie (D:5)
  A hound (D:6)
  A quasit (D:6)
  2 bullfrog skeletons
  A centaur skeleton (D:4)
  3 jellies
  2 orc priests
  An orc wizard (D:4)
  An iguana (D:6)
  5 worker ants
  A hound skeleton (D:5)
  11 adders
  3 shadow imps
  A worker ant simulacrum (D:8)
  6 oozes
  2 adder zombies (D:7)
  3 worms
  6 dart slugs
  7 leopard geckos
  14 orcs
  16 giant cockroaches
  7 goblins
  6 hobgoblins
  4 jackals (D:3)
  13 kobolds
  5 quokkas
  11 bats
  2 frilled lizards (D:1)
  A quokka skeleton (D:5)
  A quokka zombie (D:7)
  7 rats
169 creatures vanquished.

Vanquished Creatures (collateral kills)
  An orc wizard (D:4)
1 creature vanquished.

Grand Total: 170 creatures vanquished

Notes
Turn   | Place    | Note
-------+----------+-------------------------------------------
     0 | D:1      | pokeman the Deep Elf Wizard began the quest for the Orb.
     0 | D:1      | Reached XP level 1. HP: 10/10 MP: 7/7
   230 | D:1      | Reached XP level 2. HP: 16/16 MP: 3/9
   561 | D:1      | Reached skill level 5 in Spellcasting
   648 | D:1      | Reached XP level 3. HP: 20/20 MP: 2/11
   653 | D:1      | Learned a level 3 spell: Mephitic Cloud
   656 | D:1      | Learned a level 2 spell: Call Imp
   659 | D:1      | Learned a level 2 spell: Blink
   663 | D:1      | Learned a level 3 spell: Conjure Flame
  1046 | D:2      | Reached skill level 1 in Fighting
  1324 | D:2      | Reached skill level 1 in Armour
  1501 | D:2      | Reached XP level 4. HP: 25/25 MP: 9/13
  2523 | D:3      | Reached skill level 1 in Fire Magic
  2822 | D:3      | Reached skill level 1 in Air Magic
  2822 | D:3      | Reached XP level 5. HP: 27/29 MP: 5/15
  3140 | D:3      | Reached skill level 6 in Spellcasting
  3473 | D:4      | Noticed an ogre
  3474 | D:4      | Noticed a centaur
  3485 | D:4      | Killed an ogre
  3485 | D:4      | Reached skill level 1 in Poison Magic
  3488 | D:4      | Killed a centaur
  3488 | D:4      | Reached XP level 6. HP: 30/34 MP: 3/17
  3946 | D:4      | Reached skill level 7 in Spellcasting
  4248 | D:4      | Reached skill level 1 in Evocations
  4257 | D:4      | Reached XP level 7. HP: 35/38 MP: 3/19
  4691 | D:5      | Entered Level 5 of the Dungeon
  4770 | D:5      | Reached skill level 5 in Conjurations
  4956 | D:5      | Reached skill level 8 in Spellcasting
  5639 | D:5      | Reached XP level 8. HP: 43/44 MP: 12/22
  6187 | D:6      | Found a staircase to the Ecumenical Temple.
  6196 | Temple   | Entered the Ecumenical Temple
  6265 | Temple   | Became a worshipper of Vehumet
  6601 | D:6      | Reached skill level 9 in Spellcasting
  6661 | D:6      | Noticed Blork the orc
  6677 | D:6      | Killed Blork the orc
  6928 | D:6      | Noticed Edmund
  6946 | D:6      | Killed Edmund
  7668 | D:7      | Found a snail-covered altar of Cheibriados.
  7683 | D:7      | Found Gutehip's Antique Armour Boutique.
  7691 | D:7      | Bought a shiny helmet for 195 gold pieces
  7911 | D:7      | Learned a level 3 spell: Stone Arrow
  8020 | D:7      | Reached skill level 10 in Spellcasting
  8020 | D:7      | Reached XP level 9. HP: 48/48 MP: 14/25
  8529 | D:7      | Reached * piety under Vehumet
  8529 | D:7      | Offered knowledge of Foxfire by Vehumet.
  8529 | D:7      | Reached skill level 1 in Earth Magic
  8533 | D:7      | Learned a level 1 spell: Foxfire
  9187 | D:8      | Found a glowing silver altar of Zin.
  9216 | D:8      | Slain by a bullfrog

Illustrated notes

Levels and vault maps discovered:
D:1:      eino_arrival_cavern_e, layout_rooms
D:2:      layout_basic
D:3:      minmay_roachtagon, layout_rooms
D:4:      black_bear_nest_2, layout_loops_corners, first_ration,
          chequers_garden, minmay_vboxes
D:5:      minmay_opposing_rooms, layout_basic
D:6:      layout_basic, minmay_temple_entry_statues_fountains, uniq_edmund,
          uniq_blork_the_orc
D:7:      layout_basic, cheibriados_altar_1, serial_shops, nicolae_shop_stone
D:8:      layout_rooms, eat_drink_and_be_merry_uskayaw,
          grunt_temple_overflow_open, serial_ice, serial_ice_h, serial_ice_c,
          serial_ice_m, serial_ice_l, nrook_uturn
Temple:   dpeg_five_rooms_temple

Skill      XL: |  1  2  3  4  5  6  7  8  9 |
---------------+----------------------------+-----
Spellcasting   | 5 6 7 8 10 | 10.4
Fighting       | 1 2 |  2.1
Conjurations   | 2 3 4 5 7 |  7.8
Armour         | 1 2 |  2.9
Fire Magic     | 1 3 4 |  4.1
Air Magic      | 1 |  1.0
Poison Magic   | 1 |  1.2
Dodging        | 3 |  3.1
Stealth        | 3 |  3.0
Evocations     | 1 2 |  2.0
Earth Magic    | 1 |  1.7
Summonings     | |  1.1
Translocations | |  1.1

Action                   |  1- 3 |  4- 6 |  7- 9 || total
-------------------------+-------+-------+-------++-------
Melee: Unarmed           |       |    70 |       ||    70
       Dagger            |       |       |   114 ||   114
 Cast: Magic Dart        |    99 |   147 |   113 ||   359
       Mephitic Cloud    |       |     5 |    21 ||    26
       Conjure Flame     |       |     3 |    10 ||    13
       Blink             |       |     1 |       ||     1
       Call Imp          |       |       |     4 ||     4
       Stone Arrow       |       |       |    26 ||    26
 Stab: Confused          |       |     1 |    11 ||    12
  Eat: Chunk             |     2 |     8 |    11 ||    21
       Ration            |       |       |     1 ||     1
Armor: Robe              |     2 |    28 |       ||    30
       Leather armour    |       |     3 |    64 ||    67
Dodge: Dodged            |    14 |    93 |   110 ||   217
